 Dungeon Crawl Stone Soup version 0.24-a0-341-g52ca42d3ec (console) character file.

Game seed: 17235557478466160606

1111 Voker57 the Skirmisher (level 8, -6/65 HPs)
             Began as a Demonspawn Monk on May 20, 2019.
             Was a Priest of Ashenzari.
             Mangled by an orc warrior
             ... wielding a +0 flail
              (8 damage)
             ... on level 6 of the Dungeon.
             The game lasted 00:09:18 (6322 turns).

Voker57 the Skirmisher (Demonspawn Monk)            Turns: 6322, Time: 00:09:19

Health: -6/65      AC: 11    Str: 11    XL:     8   Next: 11%
Magic:  8/8        EV: 12    Int: 12    God:    Ashenzari [***...]
Gold:   297        SH:  0    Dex: 18    Spells: 7/7 levels left

rFire    . . .     SeeInvis +   h - +2 hand axe (flame)
rCold    . . .     Gourm    .   (no shield)
rNeg     . . .     Faith    .   k - +1 scale mail {MR+}
rPois    .         Spirit   .   (helmet restricted)
rElec    .         Reflect  .   (no cloak)
rCorr    .         Harm     .   (no gloves)
MR       +....                  (no boots)
Stlth    +.........             (no amulet)
HPRegen  0.20/turn              (no ring)
MPRegen  0.11/turn              (no ring)

@: starving
A: horns 1, thin metallic scales 2, powered by death 2
a: Curse Item, Scrying, Renounce Religion


You were on level 6 of the Dungeon.
You worshipped Ashenzari.
Ashenzari was most pleased with you.
You were starving.

You visited 1 branch of the dungeon, and saw 7 of its levels.

You collected 297 gold pieces.

Inventory:

Hand Weapons
 a - a +0 falchion
 h - a +2 hand axe of flaming (weapon)
 i - a +0 hand axe
Armour
 b - a +0 robe
 d - a +1 helmet
 k - a +1 scale mail of magic resistance (worn)
Jewellery
 j - a +4 ring of dexterity
 o - an uncursed ring of protection from magic
Wands
 p - a wand of paralysis (6)
 t - a wand of digging (5)
 y - a wand of clouds (8)
 A - a wand of disintegration (8)
Scrolls
 e - a scroll of noise
 f - 5 scrolls of identify
 g - a scroll of amnesia
 v - a scroll of fog
 w - a scroll of remove curse
Potions
 l - 2 potions of degeneration
 m - a potion of heal wounds {unknown}
 n - 5 potions of curing
 q - a potion of invisibility
 r - a potion of mutation {unknown}
 s - a potion of magic {unknown}
 u - a potion of cancellation
 x - 2 potions of flight {unknown}
Comestibles
 c - 9 rations


   Skills:
 + Level 6.5 Fighting
 - Level 2.6 Long Blades
 + Level 4.3 Armour
 + Level 5.9 Dodging
 - Level 1.7 Stealth


You had 7 spell levels left.
You didn't know any spells.
Your spell library was empty.

Dungeon Overview and Level Annotations

Branches:
Dungeon (7/15)             Temple (0/1) D:6

Altars:
Ashenzari
Cheibriados
Gozag
Nemelex Xobeh
Qazlal
Ru
Trog
Xom
The Shining One


Innate Abilities, Weirdness & Mutations

You have a pair of small horns on your head.
You are mostly covered in thin metallic scales. (AC +3)
You regenerate health from kills.


Message History

The orc warrior hits you with a +0 flail!
You hit the orc warrior. You burn the orc warrior.
You headbutt the orc warrior.
The orc warrior is moderately wounded.
The orc warrior hits you but does no damage. x2
You hit the orc warrior but do no damage.
You headbutt the orc warrior, but do no damage.
The orc warrior is moderately wounded.
The orc warrior barely misses you.
You completely miss the orc warrior.
The orc warrior is moderately wounded.
The orc warrior hits you with a +0 flail!!
* * * LOW HITPOINT WARNING * * *
You hit the orc warrior. You burn the orc warrior.
The orc warrior is heavily wounded.
The orc warrior hits you with a +0 flail.
* * * LOW HITPOINT WARNING * * *
You are starving!
Okay, then.
The orc warrior hits you with a +0 flail!
You die...

### ### ##.###.##
###....@o.## ##..........####
###..............####
#...................####
##......................####
#.....>.....................
#.......................<..#
#.....................>....#
#...........................#
#...........................#


You could see an orc warrior.

Vanquished Creatures
  A scorpion (D:7)
  3 crimson imps
  A centaur zombie (D:5)
  2 orc priests (D:4)
  2 hounds
  2 jellies (D:5)
  A bullfrog skeleton (D:5)
  A centaur skeleton (D:4)
  3 iguanas (D:5)
  Ijyb (D:5)
  8 worker ants
  6 orc wizards
  A hound zombie (D:5)
  A worker ant zombie (D:7)
  6 adders
  4 gnolls
  A shadow imp (D:5)
  An adder skeleton (D:4)
  A worm (D:4)
  8 leopard geckos
  20 orcs
  4 giant cockroaches
  8 goblins
  8 hobgoblins
  2 jackals (D:3)
  7 kobolds
  2 quokkas
  2 ball pythons
  10 bats
  4 frilled lizards
  A jackal zombie (D:6)
  3 rats
125 creatures vanquished.

Vanquished Creatures (others)
  An orc (D:4)
1 creature vanquished.

Grand Total: 126 creatures vanquished

Notes
Turn   | Place    | Note
-------+----------+-------------------------------------------
     0 | D:1      | Voker57 the Demonspawn Monk began the quest for the Orb.
     0 | D:1      | Reached XP level 1. HP: 18/18 MP: 1/1
   281 | D:1      | Found a sparkling altar of Nemelex Xobeh.
   307 | D:1      | Gained mutation: You regenerate a little health from kills.
                  | [demonic ancestry]
   307 | D:1      | Reached XP level 2. HP: 20/24 MP: 2/2
  1248 | D:2      | Reached XP level 3. HP: 29/29 MP: 3/3
  1312 | D:2      | Found a sacrificial altar of Ru.
  2286 | D:2      | Reached skill level 4 in Fighting
  2431 | D:3      | Gained mutation: You regenerate health from kills. [demonic
                  | ancestry]
  2431 | D:3      | Reached XP level 4. HP: 22/37 MP: 4/4
  2822 | D:3      | Found a glowing golden altar of the Shining One.
  2822 | D:3      | Found a bloodstained altar of Trog.
  2827 | D:3      | Found a faded altar of an unknown god.
  2829 | D:3      | Found an opulent altar of Gozag.
  2830 | D:3      | Found a shimmering altar of Xom.
  2840 | D:3      | Reached skill level 1 in Armour
  2840 | D:3      | Reached XP level 5. HP: 43/43 MP: 5/5
  2858 | D:3      | Became a worshipper of Ashenzari the Shackled
  2858 | D:3      | Reached * piety under Ashenzari
  2858 | D:3      | Reached ** piety under Ashenzari
  3305 | D:4      | Gained mutation: You are partially covered in thin metallic
                  | scales. (AC +2) [demonic ancestry]
  3305 | D:4      | Reached XP level 6. HP: 19/50 MP: 6/6
  3649 | D:4      | Reached skill level 5 in Fighting
  4082 | D:4      | Found a shattered altar of Ashenzari.
  4330 | D:5      | Entered Level 5 of the Dungeon
  4330 | D:5      | Noticed Ijyb
  4339 | D:5      | Killed Ijyb
  4340 | D:5      | Found a stormy altar of Qazlal.
  4399 | D:5      | Reached skill level 5 in Dodging
  4399 | D:5      | Gained mutation: You have a pair of small horns on your
                  | head. [demonic ancestry]
  4399 | D:5      | Reached XP level 7. HP: 52/56 MP: 7/7
  4744 | D:5      | Noticed an air elemental
  4748 | D:5      | Noticed a fire elemental
  4751 | D:5      | Noticed a water elemental
  4792 | D:5      | Reached *** piety under Ashenzari
  5133 | D:5      | Reached skill level 6 in Fighting
  5550 | D:6      | Found a snail-covered altar of Cheibriados.
  5643 | D:6      | Found a staircase to the Ecumenical Temple.
  6030 | D:7      | Gained mutation: You are mostly covered in thin metallic
                  | scales. (AC +3) [demonic ancestry]
  6030 | D:7      | Reached XP level 8. HP: 63/65 MP: 8/8
  6315 | D:6      | HP: 1/65 [orc warrior/+0 flail (5)]
  6322 | D:6      | Mangled by an orc warrior

Levels and vault maps discovered:
D:1:      lemuel_arrival_funnel, layout_basic, nemelex_altar_shiori
D:2:      layout_loops_ring, first_ration, nicolae_ru_great_annihilating_truth
D:3:      layout_rooms, chequers_temple_overflow_minitemple
D:4:      minmay_chambers_of_fours, layout_rooms, ashenzari_altar_1
D:5:      layout_basic, nicolae_qazlal_style_of_elements, uniq_ijyb
D:6:      layout_layer_cave, kennysheep_little_box, lemuel_temple_firewalk_b
D:7:      layout_basic

Skill      XL: |  1  2  3  4  5  6  7 |
---------------+----------------------+-----
Dodging        | 3 4 5 |  5.9
Fighting       | 4 5 6 |  6.5
Armour         | 1 2 4 |  4.3
Long Blades    | |  2.6
Stealth        | |  1.7

Action                   |  1- 3 |  4- 6 |  7- 9 || total
-------------------------+-------+-------+-------++-------
Melee: Falchion          |    69 |       |       ||    69
       Hand axe          |    85 |   193 |   165 ||   443
       Headbutt          |       |       |    40 ||    40
  Use: Scroll            |     2 |     6 |     1 ||     9
       Potion            |     1 |     4 |       ||     5
 Stab: Sleeping          |     7 |       |       ||     7
       Invisible         |     1 |     3 |       ||     4
       Paralysed         |     1 |       |       ||     1
  Eat: Chunk             |     4 |     8 |     4 ||    16
Armor: Robe              |    34 |     1 |       ||    35
       Scale mail        |       |    79 |    89 ||   168
Dodge: Dodged            |   124 |   145 |   115 ||   384
       Rpst.: Falchion   |    18 |       |       ||    18

Table legend:
 A = Non-vault XP
 B = Vault XP
 C = Vault XP percentage of total XP
 D = Non-vault monster count
 E = Vault monster count
 F = Vault count percentage of total count
                 A         B        C        D         E       F
            +---------+---------+-------+---------+---------+-------
      Total |    1459 |     129 |   8.1 |     116 |       9 |   7.2
            +---------+---------+-------+---------+---------+-------
        D:1 |      40 |       0 |   0.0 |      23 |       0 |   0.0
        D:2 |      25 |      20 |  44.4 |       8 |       4 |  33.3
        D:3 |     167 |       0 |   0.0 |      35 |       0 |   0.0
        D:4 |     343 |      74 |  17.7 |      16 |       4 |  20.0
        D:5 |     449 |      35 |   7.2 |      18 |       1 |   5.3
        D:6 |     218 |       0 |   0.0 |      10 |       0 |   0.0
        D:7 |     217 |       0 |   0.0 |       6 |       0 |   0.0
            +---------+---------+-------+---------+---------+-------
